 Dungeon Crawl Stone Soup version 0.29.1-2-gbd0b4ee654 (webtiles) character file.

Game seed: 2103621722074638663

396 cdecastro the Geomancer (level 6, -3/32 HPs)
             Began as a Gargoyle Earth Elementalist on Oct 31, 2022.
             Slain by Crazy Yiuf
             ... wielding a +3 quarterstaff of chaos
              (15 damage)
             ... on level 3 of the Dungeon.
             The game lasted 00:06:10 (3457 turns).

cdecastro the Geomancer (GrEE)                      Turns: 3457, Time: 00:06:11

Health: -3/32      AC:  6    Str: 12    XL:     6   Next: 83%
Magic:  8/9        EV: 11    Int: 17    God:
Gold:   79         SH:  0    Dex: 10    Spells: 8/9 levels left

rFire   . . .      SeeInvis .   x - +6 scythe (venom)
rCold   . . .      Faith    .   (shield currently unavailable)
rNeg    + . .      Spirit   .   a - +0 robe
rPois   ∞          Reflect  .   (no helmet)
rElec   +          Harm     .   (no cloak)
rCorr   .          Rampage  .   (no gloves)
Will    .....                   (no boots)
Stlth   ++........              s - amulet of regeneration
HPRegen 0.90/turn               (no ring)
MPRegen 0.11/turn               (no ring)

@: no status effects
A: sickness immunity, AC +4, negative energy resistance 1, electricity
resistance, torment resistance 1, petrification resistance
a: no special abilities


You were on level 3 of the Dungeon.
You visited 1 branch of the dungeon, and saw 3 of its levels.

You collected 134 gold pieces.
You spent 55 gold pieces at shops.

Inventory:

Hand Weapons
 j - a +0 flail of protection
 r - a +1 dagger of venom
 x - a +6 scythe of venom (weapon)
Missiles
 d - 26 stones
 m - 2 poisoned darts
 A - 6 boomerangs
Armour
 a - a +0 robe (worn)
Magical Staves
 k - a staff of cold
Jewellery
 s - an amulet of regeneration (around neck)
 u - an amulet of guardian spirit
 v - a ring of protection from cold
 y - a ring of willpower
Wands
 t - a wand of digging (4)
Scrolls
 e - 2 scrolls of enchant armour {unknown}
 f - a scroll of fear {unknown}
 g - 2 scrolls of amnesia {unknown}
 h - a scroll of brand weapon {unknown}
 i - 2 scrolls of teleportation
 l - a scroll of noise {unknown}
 o - 3 scrolls of identify
 p - 2 scrolls of poison {unknown}
 w - 2 scrolls of immolation {unknown}
Potions
 b - a potion of magic
 c - 2 potions of haste {unknown}
 n - a potion of might {unknown}
 q - a potion of flight {unknown}
 z - a potion of berserk rage {unknown}


   Skills:
 - Level 1.5 Dodging
 - Level 2.1 Stealth
 - Level 2.0 Spellcasting
 - Level 0.7 Transmutations
 + Level 9.0 Earth Magic


You had 8 spell levels left.
You knew the following spells:

 Your Spells              Type           Power      Damage    Failure   Level
a - Sandblast             Erth           64%        2d14      1%          1

Your spell library contained the following spells:

 Spells                   Type           Power      Damage    Failure   Level
 Passwall                 Tmut/Erth      15%        N/A       4%          2
 Stone Arrow              Conj/Erth      34%        3d9       9%          3
 Slow                     Hex            4%         N/A       19%         1
 Petrify                  Tmut/Erth      18%        N/A       26%         4
 Ignite Poison            Fire/Tmut/Pois 2%         N/A       47%         3
 Confusing Touch          Hex            1%         N/A       50%         3
 Conjure Flame            Conj/Fire      1%         6-21      50%         3
 Vampiric Draining        Necr           1%         2d6       50%         3
 Passage of Golubria      Tloc           1%         N/A       88%         4
 Sticky Flame             Conj/Fire      1%         2d3       88%         4
 Silence                  Hex/Air        0%         N/A       99%         5
 Lehudib's Crystal Spear  Conj/Erth      8%         10d4      100%        8


Dungeon Overview and Level Annotations

Branches:
Dungeon (3/15)

Altars:
Elyvilon
Sif Muna

Shops:
D:2 :   D:3 ?

Annotations:
D:3 Crazy Yiuf


Innate Abilities, Weirdness & Mutations

You are immune to sickness and miasma.
Your stone body is resilient. (AC +4)
You are immune to poison.
You resist negative energy. (rN+)
You are resistant to electric shocks. (rElec)
You are resistant to unholy torment.
You are immune to petrification.


Message History

Key pressed, stopping explore.
There is a stone staircase leading up here.
Could not explore, unopened runed door.
Press: ? - help, v - describe, . - travel
Here: Crazy Yiuf, wielding a +3 quarterstaff of chaos and wearing a +2 cloak (fire blocked by a runed translucent door)
The floor.
Unknown command.
You open the door.
Unknown command.
Reach: x) +6 scythe (venom)
Press: ? - help, Dir - move target, f - Crazy Yiuf
Aim: Crazy Yiuf, wielding a +3 quarterstaff of chaos and wearing a +2 cloak (about 40% to evade your +6 scythe of venom)
You reach to attack!
You barely miss Crazy Yiuf.
Crazy Yiuf screams, "Hack!"
Unknown command.
You closely miss Crazy Yiuf.
Crazy Yiuf whimpers, "Ice!
Snurf testudinal green."
Crazy Yiuf hits you with a +3 quarterstaff of chaos.
Crazy Yiuf freezes you.
Crazy Yiuf hits you with a +3 quarterstaff of chaos!
* * * LOW HITPOINT WARNING * * *
Unknown command.
You barely miss Crazy Yiuf.
Crazy Yiuf sings, "Trees, trees, trees, circus!"
Crazy Yiuf barely misses you.
Unknown command.
You hit Crazy Yiuf.
Crazy Yiuf is poisoned.
Crazy Yiuf is lightly wounded.
Crazy Yiuf hits you but does no damage.
Crazy Yiuf hits you with a +3 quarterstaff of chaos!
* * * LOW HITPOINT WARNING * * *
Crazy Yiuf burns you.
* * * LOW HITPOINT WARNING * * *
Aiming: Sandblast (safe; 1% risk of failure)
Press: ? - help, Q - select action, (/) - cycle Shift-Dir - straight line, f/p - Crazy Yiuf
Aim: Crazy Yiuf, wielding a +3 quarterstaff of chaos and wearing a +2 cloak (lightly wounded, very poisoned, 86% to hit)
The blast of sand hits Crazy Yiuf.
Crazy Yiuf is moderately wounded.
Crazy Yiuf hits you with a +3 quarterstaff of chaos!
You die...

..........##..#..########..####.#
..[........####### #..# #.#
.......<#..# #..# #.#
.###.##.#..# ##### #..# #.# .#
#....#..# #)..# #..# #.# .#
##.#.#..# #...# #..# #.#
#####......# ... #..# #.#
......#.#.## #g# ####..# #.#
#####.#.#.# #@## #.....# #.#
......#.#.# ##.# ###...####.#
####..#.#.# #.## #.......##.#
####..#.#.# ##.# #.....####..
...#..#.#.## ##.## #...........
........#..# ##...# ##.##.######
...#.......# #..#.# #...........
..........## #....# ##.##...#...
.<.######.#####....####.##...##.#


You could see Crazy Yiuf (very poisoned).

Vanquished Creatures
  Sigmund (D:3)
  An orc priest (D:3)
  Terence (D:3)
  An orc wizard (D:3)
  4 gnolls
  5 adders
  A worm (D:2)
  A dart slug (D:1)
  3 orcs (D:3)
  7 ball pythons
  4 bats
  6 endoplasms
  4 giant cockroaches
  7 goblins
  3 hobgoblins
  5 jackals (D:2)
  9 kobolds
  4 frilled lizards
  4 rats
71 creatures vanquished.

Vanquished Creatures (others)
  3 plants (D:2)
3 creatures vanquished.

Grand Total: 74 creatures vanquished

Notes
Turn   | Place    | Note
-------+----------+-------------------------------------------
     0 | D:1      | cdecastro the Gargoyle Earth Elementalist began the quest
                  | for the Orb.
     0 | D:1      | Reached XP level 1. HP: 10/10 MP: 3/3
   145 | D:1      | Reached skill level 4 in Earth Magic
   171 | D:1      | Reached XP level 2. HP: 15/15 MP: 5/5
  1011 | D:2      | Reached XP level 3. HP: 19/19 MP: 4/6
  1063 | D:2      | Reached skill level 5 in Earth Magic
  1334 | D:2      | Reached XP level 4. HP: 24/24 MP: 5/7
  1363 | D:2      | Reached skill level 6 in Earth Magic
  1687 | D:2      | Found a faded altar of an unknown god.
  1904 | D:2      | Reached XP level 5. HP: 28/28 MP: 8/8
  2099 | D:2      | Found Hexysa's Book Shoppe.
  2496 | D:3      | Found Gagimace's Magic Scroll Emporium.
  2496 | D:3      | Noticed Sigmund
  2502 | D:3      | Killed Sigmund
  2503 | D:3      | Reached skill level 8 in Earth Magic
  2503 | D:3      | Reached XP level 6. HP: 32/32 MP: 5/9
  2540 | D:3      | Bought a scroll of teleportation for 33 gold pieces
  2540 | D:3      | Bought a scroll of identify for 22 gold pieces
  2774 | D:3      | Found a runed translucent door.
  2775 | D:3      | Noticed Crazy Yiuf
  2991 | D:3      | Noticed Terence
  2998 | D:3      | Killed Terence
  2999 | D:3      | Reached skill level 9 in Earth Magic
  3195 | D:3      | Found a shimmering blue altar of Sif Muna.
  3195 | D:3      | Found a white marble altar of Elyvilon.
  3457 | D:3      | Slain by Crazy Yiuf

Illustrated notes

Levels and vault maps discovered:
D:1:      saegor_arrival_simple_a, layout_loops_ring
D:2:      minmay_angry_zag, layout_basic, serial_shops,
          nicolae_shop_behind_doors, shapermc_ecumenical_altar_mp_vishouse,
          serial_forest, infiniplex_forest_clump_small,
          infiniplex_forest_lined_corner, infiniplex_forest_3_way,
          infiniplex_forest_straight_4, infiniplex_forest_corner_2,
          infiniplex_forest_corner_2, infiniplex_forest_clump_medium,
          infiniplex_forest_end_2
D:3:      layout_basic, gammafunk_temple_overflow_statue, serial_shops,
          nicolae_square_shop, uniq_crazy_yiuf_cottage, uniq_sigmund,
          uniq_terence

Skill      XL: |  1  2  3  4  5  6 |
---------------+-------------------+-----
Earth Magic    | 4 5 6 8 9 |  9.0
Dodging        | |  1.5
Stealth        | |  2.1
Spellcasting   | |  2.0
Transmutations | |  0.7

Action                   |  1- 3 |  4- 6 || total
-------------------------+-------+-------++-------
Melee: Dagger            |    73 |    14 ||    87
       Unarmed           |     2 |       ||     2
       Punch             |     1 |       ||     1
       Flail             |       |    24 ||    24
       Halberd           |       |    34 ||    34
 Cast: Sandblast         |     9 |    25 ||    34
 Stab: Sleeping          |     4 |     6 ||    10
Armor: Robe              |    19 |    32 ||    51
Dodge: Dodged            |    55 |    42 ||    97
